 Dungeon Crawl Stone Soup version 0.26-a0-466-g989023bd0d (webtiles) character file.

Game seed: 5284841318415616861

50650 mortelune the Carver (level 14, -7/117 (118) HPs)
             Began as a Formicid Abyssal Knight on Aug 2, 2020.
             Was a High Priest of Lugonu.
             Collided with a metal wall (15 damage)
             ... caused by a wretched star
             ... in a Gauntlet.
             The game lasted 00:54:41 (23836 turns).

mortelune the Carver (Formicid Abyssal Knight)     Turns: 23836, Time: 00:54:42

HP:   -7/117 (118)  AC: 22    Str: 25    XL:     14   Next: 98%
MP:   23/23         EV:  8    Int: 12    God:    Lugonu [*****.]
Gold: 1416          SH: 10    Dex:  9    Spells: 13/13 levels left

rFire    + . .     SeeInvis +   c - +11 great sword "Usiac" {freeze, rElec Str+2 Stlth+}
rCold    + + +     Faith    .   G - +0 buckler
rNeg     . . .     Spirit   .   k - +0 plate armour
rPois    .         Reflect  +   (helmet unavailable)
rElec    +         Harm     .   O - scarf {shadows}
rCorr    .                      V - +2 pair of gloves of the Battered Quests {Str+2}
MR       +....                  X - +2 pair of boots "Hapsax" {rF++ rC+}
Stlth    ..........             B - amulet of reflection
HPRegen  0.29/turn              W - ring of ice
MPRegen  0.18/turn              I - ring of protection from cold

@: no status effects
A: permanent stasis, dig shafts and tunnels, four strong arms, antennae 3,
clumsy 1
a: Dig, Shaft Self, Depart the Abyss, Bend Space, Banish, Corrupt, Enter the
Abyss, Renounce Religion


You were in a Gauntlet.
You worshipped Lugonu.
Lugonu was extremely pleased with you.
You visited 2 branches of the dungeon, and saw 19 of its levels.
You visited the Abyss 1 time.
You also visited: Gauntlet and Ice Cave.

You collected 1472 gold pieces.
You spent 56 gold pieces at shops.

Inventory:

Hand Weapons
 c - the +11 great sword "Usiac" (weapon) {freeze, rElec Str+2 Stlth+}
   (You found it on level 8 of the Dungeon)

   It has been specially enchanted to freeze those struck by it, causing extra
   injury to most foes and up to half again as much damage against particularly
   susceptible opponents.
   It can also slow down cold-blooded creatures.
   It affects your strength (+2).
   It insulates you from electricity.
   It makes you more stealthy.
 U - a +3 scimitar of flaming
Missiles
 x - 12 javelins
 y - 4 silver javelins (quivered)
Armour
 h - a +2 pair of boots of rampaging
 i - a scarf of invisibility
 k - a +0 plate armour (worn)
 u - a +1 cloak of poison resistance
 G - a +0 buckler (worn)
 O - a scarf of shadows (worn)
 V - the +2 pair of gloves of the Battered Quests (worn) {Str+2}
   (You found it in a Gauntlet)

   It affects your strength (+2).
 X - the +2 pair of boots "Hapsax" (worn) {rF++ rC+}
   (You found it in a Gauntlet)

   It greatly protects you from fire.
   It protects you from cold.
Jewellery
 b - an uncursed ring of flight
 m - an uncursed ring of fire
 B - an amulet of reflection (around neck)
 C - an uncursed ring of resist corrosion
 F - an uncursed ring of protection from fire
 I - a ring of protection from cold (right hand)
 W - a ring of ice (left hand)
Wands
 a - a wand of polymorph (10)
 d - a wand of disintegration (19)
 p - a wand of paralysis (14)
 A - a wand of acid (14)
 D - a wand of digging (10)
 E - a wand of clouds (9)
 J - a wand of random effects (22)
 P - a wand of flame (17)
 R - a wand of iceblast (21)
 Y - a wand of enslavement (11)
Scrolls
 e - a scroll of fear
 f - 4 scrolls of fog
 g - 6 scrolls of immolation
 j - 5 scrolls of amnesia
 q - 6 scrolls of enchant armour
 t - 9 scrolls of teleportation
 v - 6 scrolls of remove curse
 K - 2 scrolls of enchant weapon
 L - 2 scrolls of summoning
 M - 2 scrolls of vulnerability
 Q - a scroll of torment {unknown}
Potions
 l - 2 potions of flight
 n - 3 potions of magic
 o - 2 potions of lignification
 r - 6 potions of stabbing
 s - 2 potions of brilliance
 w - 8 potions of curing
 z - 2 potions of berserk rage
 H - a potion of might {unknown}
 N - 2 potions of ambrosia {unknown}
 S - 2 potions of invisibility
 T - a potion of heal wounds
 Z - a potion of mutation


   Skills:
 + Level 13.0 Fighting
 * Level 13.7 Long Blades
 + Level 12.8 Armour
 + Level 1.5 Dodging
 - Level 8.0 Shields
 + Level 13.0 Invocations


You had 13 spell levels left.
You didn't know any spells.
Your spell library contained the following spells:

 Spells                   Type           Power        Failure   Level
 Beastly Appendage        Tmut           #.....       95%         1
 Foxfire                  Conj/Fire      #...         95%         1
 Sandblast                Erth           #.....       95%         1
 Shock                    Conj/Air       #...         95%         1
 Call Imp                 Summ           #.......     99%         2
 Passwall                 Tmut/Erth      #.......     99%         2
 Wereblood                Tmut           #.......     99%         2
 Confusing Touch          Hex            #.......     100%        3
 Conjure Flame            Conj/Fire      #.......     100%        3
 Gell's Gravitas          Tloc           #.........   100%        3
 Inner Flame              Hex/Fire       #.......     100%        3
 Ozocubu's Armour         Ice            #.......     100%        3
 Spider Form              Tmut/Pois      #.........   100%        3
 Static Discharge         Conj/Air       #.......     100%        3
 Stone Arrow              Conj/Erth      #.....       100%        3
 Airstrike                Air            #.........   100%        4
 Ice Form                 Ice/Tmut       #.......     100%        4
 Petrify                  Tmut/Erth      #.......     100%        4
 Sticky Flame             Conj/Fire      #.......     100%        4
 Summon Ice Beast         Ice/Summ       #.......     100%        4
 Blade Hands              Tmut           #.........   100%        5
 Fireball                 Conj/Fire      #.........   100%        5
 Lee's Rapid Deconstruct  Erth           #.........   100%        5
 Lightning Bolt           Conj/Air       #.........   100%        5
 Metabolic Englaciation   Hex/Ice        #.........   100%        5
 Yara's Violent Unravell  Hex/Tmut       #.........   100%        5
 Ozocubu's Refrigeration  Ice            #.........   100%        6
 Starburst                Conj/Fire      #.........   100%        6
 Swiftness                Air            Unusable     N/A         2

Dungeon Overview and Level Annotations

Branches:
Dungeon (13/15)            Temple (0/1) D:7            Lair (6/6) D:11
 Shoals (0/4) Lair:3        Snake (0/4) Lair:4        Slime (0/5) Lair:5
    Orc (0/2) D:10          IceCv (visited)         Gauntlet (1/1)
 Vaults: D:13-14

Altars:
Ashenzari
Cheibriados
Fedhas
Gozag
Kikubaaqudgha
Makhleb
Okawaru
Ru
Uskayaw
Xom
Yredelemnul
Jiyva

Shops:
D:5 ?   D:12 (

Annotations:
D:8 corrupted
Lair:3 2 transporters, Deatesutut's ghost, journeyman MiFi
Lair:6 corrupted
Abyss:1 Josephine Gauntlet 9 transporters, corrupted, exclusion: oklob plant


Innate Abilities, Weirdness & Mutations

You cannot be hasted, slowed, berserked, paralysed or teleported.
You can dig through walls and to a lower floor.
Your four strong arms can wield two-handed weapons with a shield.
You have a pair of large antennae on your head. (SInv)
You are clumsy. (Dex -2)


Message History

The wretched star glows turbulently.
The lance of force hits you!
You are knocked back by the lance of force.
You slam into the metal wall!
The wretched star glows turbulently.
The lance of force hits you!!
You are knocked back by the lance of force.
You slam into the metal wall!
The wretched star glows turbulently.
The lance of force hits you!!
* * * LOW HITPOINT WARNING * * *
You are knocked back by the lance of force.
You slam into the metal wall!
* * * LOW HITPOINT WARNING * * *
The wretched star glows turbulently.
The lance of force hits you!
* * * LOW HITPOINT WARNING * * *
You are knocked back by the lance of force.
You slam into the metal wall!
You die...

#############
###≈#≈#≈#§#§#≈# #
###≈#...........## #
#≈#.............≈# ###
###....#########.§## .§#
#§§§...#*...@###..≈# .##
##..####.##.####..## .§#
#≈§§#..#.##...|#..≈# .##
##..#.©#.#.©.#©#§.##
.≈###≈..#..#....##=#..≈#
.##§##..#..####.##.#.§##
........#..###.....#.§≈####
........#..#########.§###.#
#########..#........§§##..#


You could see a wretched star.

Vanquished Creatures
  A minotaur (Gauntlet)
  Snorg (D:10)
  A fire dragon (Lair:6)
  Fannar (Lair:2)
  Harold (Lair:1)
  A centaur warrior (D:13)
  2 two-headed ogres (D:12)
  A fire crab (Lair:6)
  An unseen horror (D:12)
  Pikel (D:6)
  A cyclops (D:12)
  Maurice (D:8)
  A merfolk siren (Lair:3)
  A black mamba (Lair:6)
  2 ice statues (IceCv)
  9 elephants
  A molten gargoyle (Lair:6)
  13 cane toads
  2 torpor snails (Lair:3)
  6 rime drakes
  A centaur skeleton (D:9)
  4 komodo dragons
  13 ice devils
  2 trolls (D:12)
  2 polar bears
  A hornet (D:12)
  13 blink frogs
  8 hippogriffs
  Sigmund (D:4)
  6 wyverns
  A vampire (D:12)
  6 wraiths
  27 yaks
  6 basilisks
  Grum (D:10)
  6 nagas (Lair:4)
  2 swamp worms (Gauntlet)
  2 neqoxecs (Gauntlet)
  8 water moccasins
  3 hell hounds (Lair:6)
  6 porcupines
  2 ice beasts
  2 sky beasts
  3 orc warriors
  A small abomination (Gauntlet)
  A phantom (D:10)
  2 black bears
  2 necrophages
  5 wolves
  12 centaurs
  10 crocodiles
  A lemure (D:6)
  Blork the orc (D:6)
  A big kobold (D:12)
  12 bullfrogs
  2 hornet simulacra (Gauntlet)
  4 scorpions
  7 wights
  2 electric eels (Lair:5)
  A bullfrog zombie (D:5)
  3 centaur zombies
  2 jellies
  A wyvern simulacrum (Gauntlet)
  7 hounds
  9 orc wizards
  A bullfrog skeleton (D:10)
  A gnoll shaman (D:6)
  3 orc priests
  2 iguanas (D:11)
  Natasha (thrice) (D:3)
  8 worker ants
  2 centaur simulacra
  A bullfrog simulacrum (Gauntlet)
  A worker ant zombie (D:5)
  12 gnolls
  2 howler monkey skeletons
  17 adders
  2 shadow imps
  9 white imps
  A howler monkey simulacrum (D:8)
  A worker ant simulacrum (D:8)
  8 ufetubi
  An ooze (D:4)
  2 adder skeletons
  3 adder zombies
  2 dart slugs
  5 worms
  An adder simulacrum (D:8)
  5 leopard geckos
  45 orcs
  3 giant cockroaches
  8 goblins
  9 hobgoblins
  13 kobolds
  6 quokkas
  2 ball pythons (D:3)
  A ball python skeleton (D:5)
  12 bats
  5 frilled lizards
  A giant cockroach zombie (D:6)
  A leopard gecko skeleton (D:5)
  A quokka skeleton (D:7)
  6 rats
  A fungus (Lair:5)
467 creatures vanquished.

Vanquished Creatures (others)
  A reaper (IceCv)
  Nessos (Lair:6)
  A fire dragon (D:11)
  4 hydras
  A death yak (D:8)
  2 wizards (Gauntlet)
  A black mamba (Lair:6)
  2 molten gargoyles (Lair:6)
  An efreet (Gauntlet)
  3 komodo dragons (Lair:6)
  A polar bear (D:8)
  A hippogriff (D:7)
  2 wyverns (Lair:6)
  3 fire elementals (Gauntlet)
  4 basilisks (Lair:6)
  3 steam dragons (Lair:6)
  5 hell hounds
  An ice beast (D:8)
  A gnoll sergeant (D:8)
  5 lava snakes (Lair:6)
  A hound (D:8)
  An orc wizard (D:8)
  4 gnolls (D:8)
  2 shadow imps (Gauntlet)
  6 white imps
  6 ufetubi (IceCv)
  6 orcs (D:8)
  13 fungi
  4 plants
  27 starspawn tentacles
113 creatures vanquished.

Grand Total: 580 creatures vanquished

Notes
Turn   | Place    | Note
-------+----------+-------------------------------------------
     0 | Abyss:1  | mortelune the Formicid Abyssal Knight began the quest for
                  | the Orb.
     0 | Abyss:1  | Reached XP level 1. HP: 18/18 MP: 2/2
   206 | Abyss:1  | Noticed a large abomination
   209 | D:1      | Escaped the Abyss
   282 | D:1      | Reached XP level 2. HP: 15/24 MP: 3/3
   628 | D:1      | Reached * piety under Lugonu
   806 | D:2      | Reached XP level 3. HP: 27/30 MP: 4/4
  1248 | D:2      | Reached XP level 4. HP: 36/37 MP: 5/5
  2106 | D:3      | Reached ** piety under Lugonu
  2222 | D:2      | Reached XP level 5. HP: 40/42 MP: 6/6
  2288 | D:3      | Noticed Natasha
  2395 | D:3      | Found a snail-covered altar of Cheibriados.
  2457 | D:3      | Killed Natasha
  2571 | D:3      | You fall into a shaft and drop 3 floors!
  2583 | D:5      | Entered Level 5 of the Dungeon
  2599 | D:5      | Noticed a centaur
  2622 | D:5      | Killed a centaur
  2622 | D:5      | Reached XP level 6. HP: 17/49 MP: 7/7
  2998 | D:5      | Found Qezedac's Magic Scroll Boutique.
  3006 | D:5      | Bought a scroll of fog for 28 gold pieces
  3006 | D:5      | Bought a scroll of identify for 28 gold pieces
  3327 | D:3      | Noticed Natasha
  3335 | D:3      | Killed Natasha
  3393 | D:3      | Noticed Natasha
  3406 | D:3      | Killed Natasha
  3406 | D:3      | Reached skill level 5 in Long Blades
  3661 | D:3      | Found a basalt altar of Yredelemnul.
  3775 | D:3      | Found an iron altar of Okawaru.
  4014 | D:4      | Reached skill level 5 in Fighting
  4014 | D:4      | Reached XP level 7. HP: 26/56 MP: 8/8
  4247 | D:4      | Found a shattered altar of Ashenzari.
  4272 | D:4      | Reached *** piety under Lugonu
  4353 | D:4      | Noticed Sigmund
  4389 | D:4      | Killed Sigmund
  5131 | D:5      | Reached XP level 8. HP: 43/63 MP: 9/9
  5735 | D:5      | Reached skill level 5 in Armour
  5809 | D:5      | Found a burning altar of Makhleb.
  6081 | D:6      | Found a hide-covered altar of Uskayaw.
  6081 | D:6      | Found an opulent altar of Gozag.
  6082 | D:6      | Found a blossoming altar of Fedhas.
  6181 | D:6      | Noticed Pikel
  6272 | D:6      | Killed Pikel
  6272 | D:6      | Reached XP level 9. HP: 53/71 MP: 10/12
  6679 | D:6      | Found a shimmering altar of Xom.
  6880 | D:6      | Noticed Blork the orc
  6885 | D:6      | Killed Blork the orc
  7563 | D:7      | Found a staircase to the Ecumenical Temple.
  7601 | D:7      | Reached skill level 5 in Invocations
  7844 | D:7      | Noticed a hippogriff
  7930 | D:7      | Reached **** piety under Lugonu
  7992 | D:7      | Found an iron altar of Okawaru.
  7998 | D:7      | Banished a hippogriff
  8368 | D:8      | Noticed Maurice
  8423 | D:8      | Killed Maurice
  8423 | D:8      | Reached XP level 10. HP: 76/80 MP: 14/14
  8463 | D:8      | Found a sacrificial altar of Ru.
  8672 | D:8      | HP: 3/80 [polar bear (3)]
  9164 | D:8      | Got a translucent great sword
  9177 | D:8      | Identified the +11 great sword "Usiac" {freeze, rElec Str+2
                  | Stlth+} (You found it on level 8 of the Dungeon)
  9246 | D:8      | Noticed a two-headed ogre
  9247 | D:8      | Banished a two-headed ogre
  9562 | D:8      | Noticed a death yak
  9569 | D:8      | Corrupted D:8
  9569 | D:8      | Noticed a worldbinder
  9569 | D:8      | Noticed a thrashing horror
  9569 | D:8      | Noticed a rust devil
  9571 | D:8      | Noticed a smoke demon
  9572 | D:8      | Noticed a purple very ugly thing
  9572 | D:8      | Noticed a tentacled starspawn
  9575 | D:8      | Noticed a merfolk siren
  9581 | D:8      | Killed a death yak
  9944 | D:8      | Identified the Papyrus of the Snowflakes and Flames
 10248 | D:9      | Reached skill level 1 in Shields
 10395 | D:9      | Reached XP level 11. HP: 73/89 MP: 17/17
 10579 | D:9      | Found an ancient bone altar of Kikubaaqudgha.
 10809 | D:10     | Entered Level 10 of the Dungeon
 10875 | D:10     | Noticed Snorg
 10888 | D:10     | Killed Snorg
 11184 | D:10     | Noticed Josephine
 11213 | D:9      | Banished Josephine
 11504 | D:10     | Identified a scroll of acquirement
 11526 | D:10     | Acquired a +2 pair of boots of rampaging
 11577 | D:10     | Noticed Grum
 11586 | D:10     | Killed Grum
 11964 | D:10     | Identified the cursed +0 scale mail "Kaunlob" {Str+7 Dex+4}
                  | (You found it on level 10 of the Dungeon)
 12311 | D:10     | Found a staircase to the Orcish Mines.
 12497 | D:11     | Reached skill level 10 in Fighting
 12499 | D:11     | Reached skill level 5 in Shields
 12556 | D:11     | Noticed a fire dragon
 12557 | D:11     | Banished a fire dragon
 12557 | D:11     | Reached skill level 10 in Long Blades
 12587 | D:11     | Reached XP level 12. HP: 97/97 MP: 19/19
 12742 | D:11     | Noticed a five-headed hydra
 12747 | D:11     | Banished a five-headed hydra
 12747 | D:11     | Reached skill level 10 in Armour
 13027 | D:11     | Found a staircase to the Lair.
 13215 | Lair:1   | Entered Level 1 of the Lair of Beasts
 13219 | Lair:1   | Reached skill level 10 in Invocations
 13620 | Lair:1   | Noticed Harold
 13632 | Lair:1   | Killed Harold
 14193 | Lair:1   | Noticed a six-headed hydra
 14196 | Lair:1   | Banished a six-headed hydra
 14746 | Lair:2   | Noticed Fannar
 14762 | Lair:2   | Killed Fannar
 14762 | Lair:2   | Reached XP level 13. HP: 63/106 MP: 21/21
 15456 | Lair:3   | Found a staircase to the Shoals.
 15488 | Lair:3   | Reached ***** piety under Lugonu
 15490 | Lair:3   | Found a snail-covered altar of Cheibriados.
 15789 | Lair:3   | Found a transporter.
 15791 | Lair:3   | Noticed Deatesutut's ghost (journeyman MiFi)
 16133 | Lair:3   | Found a transporter.
 16208 | Lair:3   | Noticed a five-headed hydra
 16211 | Lair:3   | Banished a five-headed hydra
 17053 | Lair:4   | Found a staircase to the Snake Pit.
 17324 | Lair:4   | You fall into a shaft and drop 2 floors!
 17324 | Lair:6   | Entered Level 6 of the Lair of Beasts
 17325 | Lair:6   | Corrupted Lair:6
 17325 | Lair:6   | Noticed a tentacled starspawn
 17325 | Lair:6   | Noticed a tentacled starspawn
 17396 | Lair:6   | Killed a seven-headed hydra
 17488 | Lair:5   | Found a frozen archway.
 17517 | IceCv    | Entered an ice cave
 17676 | IceCv    | Killed a reaper
 19295 | Lair:5   | Reached XP level 14. HP: 115/115 MP: 21/23
 19939 | Lair:5   | Found a viscous altar of Jiyva.
 19940 | Lair:5   | Found a staircase to the Slime Pits.
 20305 | Lair:6   | Noticed Nessos
 20316 | Lair:6   | Killed Nessos
 21203 | Lair:6   | Found a large runed translucent door.
 21203 | Lair:6   | Found a large runed translucent door.
 21511 | Lair:6   | Got a warped quarterstaff
 21512 | Lair:6   | Identified the +6 quarterstaff of Fedhas's Regard {protect,
                  | Str+4} (You found it on level 6 of the Lair of Beasts)
 21880 | D:12     | Found Vingafu's Antique Weapon Shoppe.
 22763 | D:13     | Reached skill level 1 in Dodging
 22786 | D:13     | Found a gate leading to a gauntlet.
 22813 | Gauntlet | Entered a Gauntlet
 22813 | Gauntlet | Found a transporter.
 22813 | Gauntlet | Found a transporter.
 22937 | Gauntlet | Found a transporter.
 22949 | Gauntlet | Found a transporter.
 22967 | Gauntlet | Found a transporter.
 22967 | Gauntlet | Found a transporter.
 22967 | Gauntlet | Found a transporter.
 22969 | Gauntlet | Found a transporter.
 22969 | Gauntlet | Found a transporter.
 22981 | Gauntlet | Found a transporter.
 22997 | Gauntlet | Found a transporter.
 23007 | Gauntlet | Found a transporter.
 23054 | Gauntlet | Found a transporter.
 23088 | Gauntlet | Found a transporter.
 23194 | Gauntlet | Corrupted Gauntlet
 23194 | Gauntlet | Noticed a starcursed mass
 23194 | Gauntlet | Noticed a tentacled starspawn
 23194 | Gauntlet | Noticed a tentacled starspawn
 23194 | Gauntlet | Noticed a tentacled starspawn
 23202 | Gauntlet | Noticed a tentacled starspawn
 23203 | Gauntlet | Noticed a tentacled starspawn
 23240 | Gauntlet | Noticed a tentacled starspawn
 23338 | Gauntlet | Got a pair of bloodstained gloves
 23349 | Gauntlet | Identified the +2 pair of gloves of the Battered Quests
                  | {Str+2} (You found it in a Gauntlet)
 23372 | Gauntlet | Got a pair of warped boots
 23383 | Gauntlet | Identified the +2 pair of boots "Hapsax" {rF++ rC+} (You
                  | found it in a Gauntlet)
 23431 | Gauntlet | Noticed a minotaur
 23434 | Gauntlet | Killed a minotaur
 23457 | Gauntlet | Identified Fosok's Volume of Snow and Creation
 23589 | Gauntlet | Got a brightly glowing lapis lazuli ring
 23591 | Gauntlet | Identified the ring "Lelinel" {*Tele Int+4} (You found it
                  | in a Gauntlet)
 23790 | Gauntlet | Gained mutation: You are clumsy. (Dex -2) [a neqoxec]
 23836 | Gauntlet | Collided with a metal wall

Illustrated notes

Levels and vault maps discovered:
D:1:      tarquinn_simple_flora_water_b, layout_basic
D:2:      layout_basic
D:3:      layout_basic, nicolae_overflow_crystal_walls,
          nicolae_overflow_hidden_temple, kennysheep_slug_shrine, uniq_natasha
D:4:      minmay_general_purpose_star, layout_rooms,
          nicolae_ashenzari_panopticon, uniq_sigmund
D:5:      layout_basic, kennysheep_little_box, serial_shops, shop
D:6:      layout_loops_cross, tgw_xom, gammafunk_temple_overflow_claw,
          st_stairs_13, uniq_pikel, uniq_blork_the_orc
D:7:      layout_rooms, temple_doors_e, basic_altar
D:8:      layout_loops_corners, serial_ice, serial_ice_m, serial_ice_h,
          serial_ice_o, serial_ice_f, eino_tiny_chamber,
          nicolae_ru_the_path_less_chosen, uniq_maurice
D:9:      layout_roguey, kiku_gazebo_garden_becter
D:10:     layout_stronghold, orc_0_dummy, uniq_josephine, uniq_snorg, uniq_grum
D:11:     layout_gridville, lair_entry_dummy
D:12:     layout_small_grid, serial_shops, shop
D:13:     layout_cross, basic_altar, gauntlet_entry_generic
Lair:1:   cheibrodos_lair_river_kwai, layout_small_grid,
          infiniplex_staircase_pool_2, uniq_harold
Lair:2:   layout_chaotic_city, lemuel_fruit_fields, grunt_megastairs_3,
          serial_bayou_shore_b, uniq_fannar
Lair:3:   layout_roguey, minmay_shoals_entry_lonely_mermaid,
          gammafunk_ghost_arena, kennysheep_snail_temple, lemuel_fruit_tree
Lair:4:   layout_hall_layers, minmay_snake_entry_guardpost_medium, minivault_24,
          hibernation_bobbens
Lair:5:   layout_gridlike, dpeg_slime_entry_enclosed_altar,
          portal_ice_cave_demonic_guard, serial_bayou_shore_a
Lair:6:   cheibrodos_lair_end_hotspot, layout_gridlike, uniq_nessos
Gauntlet: gammafunk_gauntlet_mixed_choke_point [minmay_gauntlet_arena_77_museum,
          minmay_gauntlet_arena_77_two_lines, minmay_gauntlet_arena_77_squiggly,
          gammafunk_gauntlet_arena_corners, minmay_gauntlet_arena_77_checkered,
          minmay_gauntlet_arena_77_mess, minmay_gauntlet_arena_77_p_blocks,
          gauntlet_exit_spiral]

Skill      XL: |  1  2  3  4  5  6  7  8  9 10 11 12 13 14 |
---------------+-------------------------------------------+-----
Long Blades    | 3 4 5 6 7 8 9 10 12 13 | 13.7
Fighting       | 4 5 6 8 9 10 11 12 13 | 13.0
Armour         | 3 4 5 7 8 9 10 11 12 | 12.8
Invocations    | 4 6 8 9 10 12 13 | 13.0
Shields        | 2 5 7 8 |  8.0
Dodging        | 1 |  1.5

Action                   |  1- 3 |  4- 6 |  7- 9 | 10-12 | 13-15 || total
-------------------------+-------+-------+-------+-------+-------++-------
Melee: Falchion          |    79 |   240 |   321 |       |       ||   640
       Scimitar          |       |       |   172 |    68 |       ||   240
       Great sword       |       |       |       |   315 |   533 ||   848
Invok: Depart the Abyss  |     1 |       |       |       |       ||     1
       Banish            |       |       |     1 |     7 |     3 ||    11
       Corrupt           |       |       |       |     1 |     2 ||     3
       Bend Space        |       |       |       |       |     1 ||     1
 Abil: Dig               |       |       |     2 |       |    15 ||    17
  Use: Potion            |       |     3 |       |       |       ||     3
       Scroll            |       |     6 |     8 |    10 |     7 ||    31
 Stab: Invisible         |       |       |     3 |       |       ||     3
Armor: Leather armour    |     5 |       |       |       |       ||     5
       Chain mail        |    28 |       |       |       |       ||    28
       Ring mail         |     2 |       |       |       |       ||     2
       Plate armour      |    28 |   226 |   385 |   245 |   365 ||  1249
       Skin              |       |    13 |       |       |       ||    13
Dodge: Dodged            |    40 |    83 |   147 |   117 |   162 ||   549
Block: Other             |       |       |     5 |    14 |       ||    19
       Buckler           |       |       |       |   155 |   272 ||   427
       Reflection        |       |       |       |     6 |    18 ||    24
       Rpst.: Falchion   |    17 |    31 |    30 |       |       ||    78
       Scimitar          |       |       |    12 |     1 |       ||    13
       Great sword       |       |       |       |    28 |    38 ||    66

Table legend: (Time is in decaauts)
 A = Elapsed time spent in this place.
 B = Non-inter-level travel time spent in this place.
 C = Inter-level travel time spent in this place.
 D = Time resting spent in this place.
 E = Time spent auto-exploring this place.
 F = Levels seen in this place.
 G = Mean time per level.
                   A        B        C        D        E       F      G
               +--------+--------+--------+--------+--------+-----+--------+
         Total |  24037 |  23233 |    804 |   5859 |  12262 |  22 | 1092.6 |
       Dungeon |  14211 |  13632 |    579 |   3608 |   6989 |  13 | 1093.2 |
          Lair |   7264 |   7039 |    225 |   1293 |   4628 |   6 | 1210.7 |
         Abyss |    209 |    209 |      0 |      0 |    208 |   1 |  209.0 |
      Ice Cave |   1330 |   1330 |      0 |    711 |    214 |   1 | 1330.0 |
      Gauntlet |   1022 |   1022 |      0 |    247 |    223 |   1 | 1022.0 |
               +--------+--------+--------+--------+--------+-----+--------+

Top non-repeatable levels by time:
     D:8: 1960 daAuts
  Lair:6: 1686 daAuts
     D:6: 1474 daAuts
     D:2: 1441 daAuts
     D:5: 1435 daAuts
  Lair:4: 1423 daAuts
    D:10: 1422 daAuts
   IceCv: 1330 daAuts
     D:4: 1283 daAuts
  Lair:3: 1211 daAuts
     D:3: 1147 daAuts
  Lair:1: 1053 daAuts
Gauntlet: 1022 daAuts
  Lair:5: 974 daAuts
  Lair:2: 915 daAuts
